 Dungeon Crawl Stone Soup version 0.17.0-24-gcfadda4 (webtiles) character file.

6650 UristPineapples the Cleaver (level 11, 67/71 HPs)
             Began as a Gargoyle Fighter on Nov 17, 2015.
             Was a Follower of Ru.
             Quit the game on level 10 of the Dungeon.
             The game lasted 00:25:45 (9637 turns).

UristPineapples the Cleaver (Gargoyle Fighter)      Turns: 9637, Time: 00:25:45

Health: 67/71      AC: 23    Str: 21    XL:     11   Next: 2%
Magic:  11/11      EV:  4    Int: 11    God:    Ru [*.....]
Gold:   478        SH:  9    Dex: 11    Spells: 0 memorised, 10 levels left

rFire  . . .     SeeInvis .     D - -1 war axe (curse)
rCold  . . .     Clarity  .     M - +0 plate armour
rNeg   + . .     SustAt   .     c - +0 shield
rPois  ∞         Gourm    .     m - +1 hat
rElec  +         Spirit   .     y - +0 cloak
rCorr  .         Warding  .     t - +1 pair of gloves {archery}
rMut   .         Stasis   +     (no boots)
MR     .....                    P - amulet of stasis (curse)
Stlth  ..........               J - +4 ring of slaying
                                f - ring of stealth

@: not resistant to hostile enchantments, extremely unstealthy
A: clever 1, negative energy resistance 1, electricity resistance, unbreathing,
petrification resistance, rot immunity, subdued magic 1, unskilled 1, AC +7
a: Renounce Religion


You were on level 10 of the Dungeon.
You worshipped Ru.
Ru was aware of your devotion.
You were not hungry.

You visited 1 branch of the dungeon, and saw 10 of its levels.

You collected 478 gold pieces.

Inventory:

Hand Weapons
 a - a +0 war axe
 D - a cursed -1 war axe (weapon)
 H - a +0 blowgun
Missiles
 n - 33 poisoned needles
Armour
 c - a +0 shield (worn)
 m - a +1 hat (worn)
 t - a +1 pair of gloves of archery (worn)
 y - a +0 cloak (worn)
 M - a +0 plate armour (worn)
Jewellery
 f - a ring of stealth (left hand)
 G - an uncursed ring of flight
 J - a +4 ring of slaying (right hand)
 P - a cursed amulet of stasis (around neck)
Wands
 b - a wand of cold (0)
 r - a wand of lightning (0)
 K - a wand of slowing (27)
 R - a wand of paralysis (5)
Scrolls
 g - 9 scrolls of remove curse {unknown}
 i - 4 scrolls of enchant armour {unknown}
 q - 3 scrolls of noise {unknown}
 s - 2 scrolls of amnesia {unknown}
 u - a scroll of fog {unknown}
 v - 7 scrolls of identify {unknown}
 z - 2 scrolls of magic mapping {unknown}
 C - 3 scrolls of random uselessness {unknown}
 E - 3 scrolls of recharging {unknown}
 I - 2 scrolls of teleportation {unknown}
Potions
 d - a potion of might
 h - 4 potions of brilliance {unknown}
 j - 3 potions of curing {unknown}
 k - a potion of invisibility {unknown}
 l - 2 potions of heal wounds {unknown}
 o - a potion of ambrosia {unknown}
 x - 2 potions of degeneration {unknown}
 B - 3 potions of agility {unknown}
 F - a potion of lignification {unknown}
 O - a potion of cancellation {unknown}
Books
 w - a book of Burglary

   Spells                             Type                      Level
   a - Swiftness                      Charms/Air                   2
   b - Passwall                       Transmutation/Earth          3
   c - Passage of Golubria            Translocation                4
   d - Lee's Rapid Deconstruction     Earth                        5
   e - Darkness                       Hexes                        6
   f - Invisibility                   Hexes                        6
 Q - a Necronomicon

   Spells                             Type                      Level
   a - Haunt                          Necromancy/Summoning         7
   b - Borgnjor's Revivification      Necromancy                   8
   c - Death's Door                   Charms/Necromancy            8
   d - Necromutation                  Transmutation/Necromancy     8
 V - a book of Frost

   Spells                             Type                      Level
   a - Freeze                         Ice                          1
   b - Throw Frost                    Conjuration/Ice              2
   c - Ozocubu's Armour               Charms/Ice                   3
   d - Throw Icicle                   Conjuration/Ice              4
   e - Summon Ice Beast               Ice/Summoning                4
   f - Condensation Shield            Ice                          4
Miscellaneous
 S - a plain deck of defence
 T - a plain deck of defence
Comestibles
 e - 9 bread rations
 p - 3 royal jellies
 A - 9 fruits
 L - a meat ration
 N - a beef jerky
 U - 6 chunks of flesh


   Skills:
 + Level 9.5 Fighting
 * Level 11.0 Axes
 - Level 3.0 Armour
 + Level 3.2 Dodging
 - Level 3.0 Shields


You had 10 spell levels left.
You didn't know any spells.

Dungeon Overview and Level Annotations

Branches:
Dungeon (10/15)            Temple (0/1) D:6            Lair (0/8) D:8
    Orc: D:9-12

Altars:
Ashenzari
Gozag
Kikubaaqudgha
Ru
Sif Muna
Trog
Xom

Shops:
D:4 (   D:6 (

Annotations:
D:3 Natasha


Innate Abilities, Weirdness & Mutations

You are resistant to torment.
Your stone body is resilient (AC +7).
You are immune to poison.
You resist negative energy.
You are resistant to electric shocks.
You can survive without breathing.
You are immune to petrification.
You are immune to rotting.
You are somewhat unskilled (-1 Apt).
Your mind is acute. (Int +2)
Your spells are a little easier to cast, but a little less powerful.


Message History

You completely miss the centaur.
The centaur is almost dead.
You hit the giant frog zombie. You block the centaur's attack.
The giant frog zombie hits you.
The centaur is stunned by your will and fails to attack.
You closely miss the giant frog zombie. You hit the centaur.
You kill the centaur!
Your Axes skill increases to level 11!
The giant frog zombie barely misses you.
You slash the giant frog zombie!
You destroy the giant frog zombie!
V - a book of Frost You now have 459 gold pieces (gained 20).
You now have 478 gold pieces (gained 19).
You see here an arrow.
Things that are here:
an uncursed shortbow; 20 arrows; a centaur corpse Quiver which item? (- for none, * to show all) (? for menu, Esc to quit)
Okay, then.
Are you sure you want to abandon this character and quit the game? (Confirm with "yes".)

.......# #.# .......# #.#
.......# #.# ##...### #.#
##.##### #.# #......# #.#
#......# #######+####
#......### #.>........#
#........# #..@(......#
#......#.## #..........#
#......#..####(.........#
.......##...('..........#
#......#######..........#
##.##### #..........# #.
##+######### .


There were no monsters in sight!

Vanquished Creatures
  Erolcha (D:9)
  An unseen horror (D:9)
  A hill giant (D:10)
  A troll (D:10)
  Grinder (D:5)
  A yak (D:8)
  A deep elf mage (D:9)
  A wyvern (D:9)
  Menkaure (D:5)
  2 hungry ghosts
  An ice beast (D:8)
  A black bear (D:6)
  2 phantoms
  An orc warrior (D:9)
  A sky beast (D:8)
  A crocodile (D:8)
  6 centaurs
  2 giant frogs
  3 big kobolds
  5 scorpions
  10 wights
  3 spriggan skeletons (D:9)
  6 crimson imps
  A centaur zombie (D:7)
  3 centaur skeletons
  A giant frog zombie (D:10)
  A jelly (D:5)
  3 orc wizards
  Crazy Yiuf (D:4)
  3 giant frog skeletons
  5 orc priests
  4 hounds
  An iguana (D:7)
  Natasha (D:3)
  9 worker ants
  3 worker ant zombies
  Robin (D:3)
  4 adders
  2 shadow imps
  2 oozes
  An adder skeleton (D:8)
  2 worms
  10 giant geckos
  28 orcs
  8 giant cockroaches
  17 goblins
  11 hobgoblins
  4 jackals
  A quokka (D:5)
  10 bats
  A giant gecko skeleton (D:5)
  6 giant newts
  A jackal skeleton (D:7)
  17 kobolds
  A quokka skeleton (D:5)
  A quokka zombie (D:8)
  8 rats
225 creatures vanquished.

Vanquished Creatures (others)
  The ghost of Stick the Thaumaturge, a novice DECj of Sif Muna (D:7)
  2 fulminant prisms (D:7)
  20 fungi (D:8)
  10 plants (D:8)
33 creatures vanquished.

Grand Total: 258 creatures vanquished

Notes
Turn   | Place    | Note
--------------------------------------------------------------
     0 | D:1      | UristPineapples the Gargoyle Fighter began the quest for the Orb.
     0 | D:1      | Reached XP level 1. HP: 14/14 MP: 1/1
     1 | D:1      | Noticed an electric eel
   176 | D:1      | Reached XP level 2. HP: 17/19 MP: 2/2
   521 | D:2      | Found a faded altar to an unknown god.
   653 | D:2      | Found a sacrificial altar of Ru.
   663 | D:2      | Reached XP level 3. HP: 23/23 MP: 3/3
   666 | D:2      | Became a worshipper of Ru the Awakened
  1326 | D:3      | Noticed Robin
  1330 | D:3      | Reached XP level 4. HP: 24/28 MP: 4/4
  1333 | D:3      | Killed Robin
  1475 | D:3      | Reached skill level 4 in Fighting
  1772 | D:3      | Found a shattered altar of Ashenzari.
  1843 | D:3      | Noticed Natasha
  1854 | D:3      | Killed Natasha
  1854 | D:3      | Reached XP level 5. HP: 19/33 MP: 5/5
  2185 | D:3      | Noticed Natasha
  2335 | D:4      | Reached XP level 6. HP: 35/39 MP: 6/6
  2476 | D:4      | Reached skill level 5 in Axes
  2492 | D:4      | Found Pefiybet's Weapon Shoppe.
  2549 | D:4      | Found a bloodstained altar of Trog.
  2645 | D:4      | Found an opulent altar of Gozag.
  2980 | D:4      | Reached skill level 5 in Fighting
  3006 | D:4      | Noticed Crazy Yiuf
  3017 | D:4      | Killed Crazy Yiuf
  3117 | D:5      | Entered Level 5 of the Dungeon
  3132 | D:5      | Reached XP level 7. HP: 37/44 MP: 7/7
  3322 | D:5      | Reached skill level 6 in Axes
  3518 | D:5      | Found an ancient bone altar of Kikubaaqudgha.
  3518 | D:5      | Found a shimmering altar of Xom.
  3615 | D:5      | Noticed Menkaure
  3623 | D:5      | Killed Menkaure
  3623 | D:5      | Reached XP level 8. HP: 24/51 MP: 8/8
  3868 | D:5      | Noticed Grinder
  3890 | D:5      | Killed Grinder
  3890 | D:5      | Reached skill level 7 in Axes
  4178 | D:6      | Found a staircase to the Ecumenical Temple.
  4266 | D:6      | Reached skill level 8 in Axes
  4996 | D:6      | Found Qegidack's Weapon Shoppe.
  5105 | D:7      | Reached XP level 9. HP: 45/58 MP: 9/9
  5520 | D:7      | Noticed Stick's ghost (novice DECj)
  5630 | D:7      | Reached skill level 9 in Axes
  5951 | D:7      | Killed Stick's ghost
  6153 | D:8      | Found a staircase to the Lair.
  6588 | D:8      | Noticed a hill giant
  7243 | D:8      | Reached skill level 10 in Axes
  7293 | D:8      | Gained mutation: Your mind is acute. (Int +2) [mutagenic meat]
  7294 | D:8      | Gained mutation: You are clumsy. (Dex -2) [mutagenic meat]
  7296 | D:8      | Lost mutation: You are clumsy. (Dex -2) [mutagenic meat]
  7297 | D:8      | Gained mutation: Your spells are a little easier to cast, but a little less powerful. [mutagenic meat]
  7723 | D:9      | Reached XP level 10. HP: 59/66 MP: 10/10
  7965 | D:9      | Found a deep blue altar of Sif Muna.
  8151 | D:9      | Reached skill level 1 in Dodging
  8269 | D:9      | Noticed Erolcha
  8281 | D:9      | Killed Erolcha
  8281 | D:9      | Reached skill level 11 in Axes
  8499 | D:9      | Killed an unseen horror
  8499 | D:9      | Reached skill level 10 in Fighting
  9071 | D:10     | Entered Level 10 of the Dungeon
  9261 | D:10     | Gained mutation: You are somewhat unskilled (-1 Apt). [Ru sacrifice]
  9261 | D:10     | Reduced skill Axes to level 10
  9261 | D:10     | Reached * piety under Ru
  9400 | D:10     | Noticed a hill giant
  9413 | D:10     | Killed a hill giant
  9413 | D:10     | Reached XP level 11. HP: 33/71 MP: 11/11
  9617 | D:10     | Reached skill level 11 in Axes
  9637 | D:10     | Quit the game

Action                   |  1- 3 |  4- 6 |  7- 9 | 10-12 || total
-------------------------+-------+-------+-------+-------++-------
Melee: War axe           |   146 |   176 |   416 |   242 ||   980
Throw: Throwing net      |       |       |     5 |       ||     5
Invok: Reject Sacrifices |       |     1 |     1 |       ||     2
       Sacrifice Skill   |       |       |       |     1 ||     1
Evoke: Wand              |       |       |       |    12 ||    12
  Eat: Chunk             |     1 |     6 |    18 |     4 ||    29
       Beef jerky        |       |     1 |       |     1 ||     2
       Meat ration       |       |       |     1 |     1 ||     2
       Bread ration      |       |       |     1 |     1 ||     2
       Pizza             |       |       |     1 |       ||     1
       Royal jelly       |       |       |       |     1 ||     1
